 Dungeon Crawl Stone Soup version 0.23.2-1-ga50397a6bc (webtiles) character file.

Game seed: 11023869596273627265

327 Peloso the Shield-Bearer (level 6, -3/53 HPs)
             Began as a Minotaur Fighter on May 4, 2019.
             Killed by nerve-wracking pain
             ... invoked by Grinder
              (10 damage)
             ... while paralysed by Grinder
             ... on level 4 of the Dungeon.
             The game lasted 00:07:29 (2195 turns).

Peloso the Shield-Bearer (Minotaur Fighter)         Turns: 2195, Time: 00:07:29

Health: -3/53      AC:  7    Str: 26    XL:     6   Next: 24%
Magic:  5/5        EV:  2    Int:  5    God:
Gold:   186        SH:  0    Dex: 14    Spells: 5/5 levels left

rFire    . . .     SeeInvis .   a - +0 long sword
rCold    . . .     Gourm    .   c - +0 shield
rNeg     . . .     Faith    .   b - +0 scale mail
rPois    .         Spirit   .   (helmet restricted)
rElec    .         Reflect  .   (no cloak)
rCorr    .         Harm     .   (no gloves)
MR       .....                  (no boots)
Stlth    ..........             (no amulet)
HPRegen  0.17/turn              p - +3 ring of dexterity
MPRegen  0.09/turn              (no ring)

@: paralysed, mighty
A: retaliatory headbutt, horns 2
a: no special abilities


You were on level 4 of the Dungeon.
You were not hungry.

You visited 1 branch of the dungeon, and saw 4 of its levels.

You collected 186 gold pieces.

Inventory:

Hand Weapons
 a - a +0 long sword (weapon)
Armour
 b - a +0 scale mail (worn)
 c - a +0 shield (worn)
Jewellery
 p - a +3 ring of dexterity (left hand)
Wands
 m - a wand of random effects (17)
 s - a wand of flame (15)
Scrolls
 e - 6 scrolls of remove curse {unknown}
 j - a scroll of noise {unknown}
 k - 5 scrolls of identify {unknown}
 n - 2 scrolls of immolation {unknown}
 u - a scroll of enchant armour {unknown}
Potions
 d - a potion of might
 g - a potion of lignification {unknown}
 h - a potion of invisibility {unknown}
 i - a potion of curing
 l - a potion of agility {unknown}
 o - 2 potions of brilliance {unknown}
 q - 3 potions of degeneration {unknown}
 t - a potion of flight {unknown}
Comestibles
 f - 3 rations
 r - 3 chunks of flesh


   Skills:
 + Level 4.6 Fighting
 + Level 5.1 Long Blades
 + Level 5.0 Armour
 + Level 1.1 Dodging
 + Level 0.1 Stealth
 + Level 5.1 Shields


You had 5 spell levels left.
You didn't know any spells.
Your spell library was empty.

Dungeon Overview and Level Annotations

Branches:
Dungeon (4/15)
 Temple: D:4-7

Altars:

Annotations:
D:4 Grinder


Innate Abilities, Weirdness & Mutations

You reflexively headbutt those who attack you in melee.
You have a pair of horns on your head.


Message History

You closely miss Grinder. You headbutt Grinder, but do no damage.
Grinder is heavily wounded.
Grinder hits you.
* * * LOW HITPOINT WARNING * * *
You writhe in agony.
* * * LOW HITPOINT WARNING * * *
You feel better. You block Grinder's attack.
You feel very mighty all of a sudden. You block Grinder's attack.
You hit Grinder but do no damage.
Grinder is moderately wounded.
Grinder barely misses you. You furiously retaliate!
You headbutt Grinder! You hit Grinder.
Grinder is almost dead.
Grinder gestures at you.
You suddenly lose the ability to move!
Grinder says, "Just stop there for a second..."
Grinder gestures at you. Pain shoots through your body!
You die...

. .. #....# ######..
#####....# ##.....
#........#######....#
#......(.#%.........##
#........#.....5@....+
#........##########'##
#....................#
#....................#+#
#........................
#.........................
#...).....................
#....####.................
#....#..#....########.....


You could see Grinder.

Vanquished Creatures
  Edmund (D:4)
  A worker ant (D:4)
  Robin (D:2)
  A gnoll (D:1)
  5 adders
  An ooze (D:1)
  3 worms
  A dart slug (D:1)
  6 leopard geckos
  4 giant cockroaches
  17 goblins
  10 hobgoblins
  11 jackals
  2 quokkas
  10 bats
  3 frilled lizards
  11 kobolds
  9 rats
97 creatures vanquished.

Notes
Turn   | Place    | Note
-------+----------+-------------------------------------------
     0 | D:1      | Peloso the Minotaur Fighter began the quest for the Orb.
     0 | D:1      | Reached XP level 1. HP: 19/19 MP: 0/0
    51 | D:1      | Reached XP level 2. HP: 27/27 MP: 1/1
   202 | D:1      | Reached XP level 3. HP: 32/33 MP: 2/2
   870 | D:2      | Reached XP level 4. HP: 40/40 MP: 3/3
   961 | D:2      | Noticed Robin
   976 | D:2      | Killed Robin
  1313 | D:2      | Reached XP level 5. HP: 47/47 MP: 4/4
  2115 | D:4      | Noticed Edmund
  2122 | D:4      | Killed Edmund
  2122 | D:4      | Reached skill level 5 in Long Blades
  2122 | D:4      | Reached skill level 5 in Armour
  2122 | D:4      | Reached skill level 1 in Dodging
  2122 | D:4      | Reached skill level 5 in Shields
  2122 | D:4      | Reached XP level 6. HP: 47/53 MP: 5/5
  2179 | D:4      | Noticed Grinder
  2190 | D:4      | HP: 1/53 [Grinder (6)]
  2194 | D:4      | Paralysed by Grinder for 3 turns
  2195 | D:4      | Killed from afar by Grinder

Skill      XL: |  1  2  3  4  5 |
---------------+----------------+-----
Armour         | 4 5 |  5.0
Shields        | 4 5 |  5.1
Fighting       | 4 |  4.6
Long Blades    | 3 4 5 |  5.1
Dodging        | 1 |  1.1
Stealth        | |  0.1

Action                   |  1- 3 |  4- 6 || total
-------------------------+-------+-------++-------
Melee: Long sword        |    66 |   119 ||   185
       Headbutt          |     9 |    21 ||    30
  Use: Potion            |       |     2 ||     2
  Eat: Chunk             |       |     4 ||     4
Armor: Scale mail        |    40 |    54 ||    94
Dodge: Dodged            |    28 |    32 ||    60
Block: Shield            |    39 |    47 ||    86
       Rpst.: Long sword |    10 |    12 ||    22
